 Dungeon Crawl Stone Soup version 0.21.1-1-g345015f (webtiles) character file.

725 inc the Nimble (level 7, 0/27 HPs)
             Began as a Felid Ice Elementalist on Mar 7, 2018.
             Was an Initiate of Gozag.
             Slain by an orc wizard
             ... wielding a +0 dagger
              (5 damage)
             ... on level 7 of the Dungeon.
             The game lasted 00:19:32 (9479 turns).

inc the Nimble (Felid Ice Elementalist)             Turns: 9479, Time: 00:19:33

Health: 0/27       AC:  2    Str:  4    XL:     7   Next: 43%
Magic:  7/11       EV: 25    Int: 18    God:    Gozag
Gold:   629        SH:  0    Dex: 17    Spells: 9/10 levels left
                                        Lives:  0   Deaths: 2

rFire    . . .     SeeInvis +     - Unarmed
rCold    . . .     Gourm    .   (shield unavailable)
rNeg     . . .     Faith    .   (armour unavailable)
rPois    +         Spirit   .   (helmet unavailable)
rElec    .         Reflect  .   (cloak unavailable)
rCorr    .         Harm     .   (gloves unavailable)
MR       +....                  (boots unavailable)
Stlth    ++++......             (no amulet)
HPRegen  0.09/turn              j - ring of poison resistance
MPRegen  0.12/turn              c - ring of stealth

@: gold aura, very slightly contaminated, quick
A: very small, no armour, no weapons or thrown items, stealth, claws 1, fangs 3,
see invisible, carnivore, speed 1, shaggy fur 2, slow metabolism 1, sharp paws
a: Potion Petition, Call Merchant, Bribe Branch, Renounce Religion


You were on level 7 of the Dungeon.
You worshipped Gozag.
Gozag was pleased with you.
You were not hungry.

You visited 2 branches of the dungeon, and saw 9 of its levels.
You also visited: Ossuary.

You collected 734 gold pieces.
You paid 105 gold pieces to Gozag.

Inventory:

Jewellery
 c - a ring of stealth (right paw)
 d - an uncursed ring of wizardry
 j - a ring of poison resistance (left paw)
Wands
 i - a wand of digging (31)
 n - a wand of flame (19)
Scrolls
 f - 6 scrolls of enchant armour
 g - 4 scrolls of amnesia
 h - 2 scrolls of random uselessness {unknown}
 k - 3 scrolls of blinking
 l - 2 scrolls of teleportation
 m - 8 scrolls of remove curse
 o - a scroll of noise {unknown}
 p - 5 scrolls of identify
 q - 2 scrolls of magic mapping
 t - a scroll of fog {unknown}
 u - 2 scrolls of immolation {unknown}
Potions
 e - a potion of curing
 r - 4 potions of flight
 s - 4 potions of degeneration
 v - a potion of mutation {unknown}
 w - 2 potions of ambrosia
Books
 a - a book of Frost

   Spells                             Type                      Level
   a - Freeze                         Ice                          1
   b - Throw Frost                    Conjuration/Ice              2
   c - Ozocubu's Armour               Charms/Ice                   3
   d - Throw Icicle                   Conjuration/Ice              4
   e - Summon Ice Beast               Ice/Summoning                4
Comestibles
 b - 9 rations


   Skills:
 - Level 9.6 Dodging
 - Level 2.6 Stealth
 + Level 9.4 Unarmed Combat
 - Level 2.0 Spellcasting
   Level 0.8 Conjurations
 - Level 2.6 Ice Magic


You had 9 spell levels left.
You knew the following spells:

 Your Spells              Type           Power        Failure   Level  Hunger
a - Freeze                Ice            ##..         6%          1    #......


Dungeon Overview and Level Annotations

Branches:
Dungeon (8/15)             Temple (1/1) D:4
   Lair: D:8-11

Altars:
Cheibriados
Elyvilon
Fedhas
Gozag
Hepliaklqana
Makhleb
Nemelex Xobeh
Okawaru
Qazlal
Trog
Wu Jian
Xom
Yredelemnul
Zin
The Shining One

Shops:
D:8 [

Annotations:
D:7 Xelenos's ghost, novice TeSk
D:8 Goblin1989's ghost, novice DsWr; Grum


Innate Abilities, Weirdness & Mutations

You cannot wear armour.
You are incapable of wielding weapons or throwing items.
Your paws allow you to move quietly. (Stealth)
You have sharp claws.
You have razor-sharp teeth.
You have supernaturally acute eyesight. (SInv)
You are carnivorous and can eat meat at any time.
You cover ground quickly.
You are covered in thick fur. (AC +2)
You have a slow metabolism.
Your sharp claws are effective at attacking unaware monsters.


Message History

You can't see any susceptible monsters within range! (Use Z to cast anyway.) Unknown command.
The orc wizard casts a spell.
The orc wizard seems to speed up.
You scratch the orc wizard. You bite the orc wizard.
The orc wizard is severely wounded.
You closely miss the orc wizard. The orc wizard completely misses you.
You scratch the orc wizard.
The orc wizard is heavily wounded.
The orc wizard misses you.
You completely miss the orc wizard. Your bite misses the orc wizard.
The orc wizard is heavily wounded.
The orc wizard points at you and mumbles some strange words.
The magic dart hits you!
* * * LOW HITPOINT WARNING * * *
You scratch the orc wizard but do no damage.
The orc wizard is heavily wounded.
The orc wizard hits you with a dagger.
You die...
Your body crumbles into a pile of gold.

#...###...#.....#
####.........#.#...####
#......................
#.......o..#.#.#.<.....
#####.##..o........###.###.
#.........o....#........##.
#............<.#.#####..##.
#.......$#############..##.
#####>..oo@.............##.
###.########.######.##.
#..........)......##.
#........#..########.
#........##.## #.
#............# #.
#..####......## #.
#..####...[...# ###.
#.............## #...


You could see 2 orc wizards.

Vanquished Creatures
  A wraith (Ossuary)
  Duvessa (D:4)
  A water moccasin (D:4)
  An ice beast (D:7)
  An orc warrior (D:7)
  An ogre (D:7)
  5 bullfrogs
  Dowan (D:4)
  4 killer bees (D:7)
  A human zombie (Ossuary)
  4 hounds
  A jelly (D:5)
  A bullfrog skeleton (D:6)
  An orc priest (D:4)
  2 centaur skeletons (D:4)
  An iguana (D:7)
  3 orc wizards (D:7)
  4 worker ants
  A hound zombie (D:7)
  3 mummies (Ossuary)
  11 adders
  7 gnolls
  A shadow imp (D:5)
  An ooze (D:1)
  3 dart slugs
  3 worms
  2 leopard geckos
  12 orcs
  A ball python (D:8)
  3 giant cockroaches
  7 goblins
  13 hobgoblins
  6 jackals
  6 kobolds
  A quokka (D:3)
  A ball python skeleton (D:5)
  7 bats
  4 frilled lizards
  4 goblin zombies (Ossuary)
  A hobgoblin zombie (Ossuary)
  A jackal zombie (D:7)
  5 kobold zombies (Ossuary)
  9 rats
  A plant (D:3)
148 creatures vanquished.

Vanquished Creatures (others)
  A hound (D:4)
1 creature vanquished.

Grand Total: 149 creatures vanquished

Notes
Turn   | Place    | Note
-------+----------+-------------------------------------------
     0 | D:1      | inc the Felid Ice Elementalist began the quest for the Orb.
     0 | D:1      | Reached XP level 1. HP: 7/7 MP: 4/4
   420 | D:1      | Reached XP level 2. HP: 1/11 MP: 3/6
  1001 | D:1      | Reached XP level 3. HP: 11/14 MP: 1/7
  1194 | D:1      | Reached skill level 5 in Dodging
  2483 | D:2      | Reached XP level 4. HP: 18/18 MP: 6/8
  3071 | D:3      | Found a stormy altar of Qazlal.
  3078 | D:3      | Found a blossoming altar of Fedhas.
  3971 | D:3      | Reached XP level 5. HP: 11/21 MP: 2/9
  4691 | D:5      | Entered Level 5 of the Dungeon
  4758 | D:4      | Noticed an ogre
  4770 | D:4      | Noticed a water moccasin
  4781 | D:4      | Killed a water moccasin
  4781 | D:4      | Gained mutation: You are covered in thick fur. (AC +2) [Felid growth]
  4781 | D:4      | Reached XP level 6. HP: 23/24 MP: 0/10
  5338 | D:4      | Noticed Duvessa
  5341 | D:4      | Noticed Dowan
  5377 | D:4      | Killed Duvessa
  5389 | D:4      | Killed Dowan
  5467 | D:4      | Reached skill level 1 in Unarmed Combat
  5925 | D:4      | Reached XP level 7. HP: 15/27 MP: 4/11
  6130 | D:4      | Found a staircase to the Ecumenical Temple.
  6139 | Temple   | Entered the Ecumenical Temple
  6276 | Temple   | Became a worshipper of Gozag Ym Sagoz the Greedy
  7358 | D:6      | Found a basalt altar of Yredelemnul.
  7358 | D:6      | Found a glowing silver altar of Zin.
  7397 | D:6      | Found a sparkling altar of Nemelex Xobeh.
  7606 | D:6      | Reached skill level 5 in Unarmed Combat
  7674 | D:7      | Found an iron altar of Okawaru.
  7782 | D:7      | Noticed Xelenos's ghost (novice TeSk)
  7842 | D:7      | Reached XP level 8. HP: 18/31 MP: 2/12
  8278 | D:7      | Found a sand-covered staircase.
  8284 | Ossuary  | Entered an ossuary
  8882 | D:6      | Slain by a hound
  8883 | D:6      | Reached XP level 7. HP: -1/27 MP: 8/11
  8979 | D:8      | Found a burning altar of Makhleb.
  8987 | D:8      | Noticed Goblin1989's ghost (novice DsWr)
  8988 | D:8      | Found Uskuosog's Armour Shop.
  9006 | D:8      | Noticed Grum
  9176 | D:7      | Slain by an ogre
  9177 | D:7      | Reached XP level 6. HP: 0/24 MP: 6/10
  9193 | D:7      | Reached XP level 7. HP: 27/27 MP: 11/11
  9479 | D:7      | Slain by an orc wizard

Skill      XL: |  1  2  3  4  5  6  7  8 |
---------------+-------------------------+-----
Dodging        | 3 4 5 7 8 9 |  9.6
Unarmed Combat | 9 5 8 |  9.4
Stealth        | |  2.6
Spellcasting   | |  2.0
Conjurations   | |  0.8
Ice Magic      | |  2.6

Action                   |  1- 3 |  4- 6 |  7- 9 || total
-------------------------+-------+-------+-------++-------
Melee: Unarmed           |    28 |   239 |   196 ||   463
       Bite              |     1 |    33 |    15 ||    49
       Punch             |       |       |     4 ||     4
 Cast: Freeze            |    57 |    98 |   131 ||   286
  Use: Potion            |       |     6 |    11 ||    17
       Scroll            |       |       |     9 ||     9
 Stab: Sleeping          |    13 |     4 |     9 ||    26
       Invisible         |       |     3 |       ||     3
       Distracted        |       |       |     2 ||     2
  Eat: Chunk             |     5 |     5 |       ||    10
       Ration            |       |       |     4 ||     4
Armor: Skin              |     2 |    25 |    11 ||    38
Dodge: Dodged            |    69 |   130 |   299 ||   498
